 Dungeon Crawl Stone Soup version 0.31-a0-1118-gbca3d03946 (webtiles) character file.

Game seed: 9705301837737824410

356 Flugkiller the Trooper (level 6, -7/48 HPs)
             Began as a Mummy Wanderer on Dec 5, 2023.
             Was a Priest of Cheibriados.
             Mangled by a black bear (11 damage)
             ... on level 4 of the Dungeon.
             The game lasted 00:11:20 (4233 turns).

Flugkiller the Trooper (Mummy Wanderer)             Turns: 4233, Time: 00:11:21

Health: -7/48      AC:  9    Str: 31    XL:     6   Next: 36%
Magic:  9/10       EV: 10    Int: 26    God:    Cheibriados [***...]
Gold:   197        SH:  7    Dex: 16    Spells: 9/10 levels left

rFire   x . .        p - +0 flail
rCold   + . .        e - +2 buckler
rNeg    + + +        j - +0 ring mail
rPois   ∞            c - +0 helmet
rElec   .            (no cloak)
rCorr   .            m - +0 pair of gloves
SInv    .            i - +0 pair of boots
Will    .....        (no amulet)
Stlth   +            a - +6 ring of intelligence
HPRegen 0.28/turn    s - +6 ring of strength
MPRegen 0.12/turn

%: faith
@: very slow
A: cold resistance 1, negative energy resistance 3, torment resistance 2, heat
vulnerability 1, in touch with death 1, no potions, faith
a: Renounce Religion, Bend Time, Temporal Distortion


You were on level 4 of the Dungeon.
You worshipped Cheibriados.
Cheibriados was most pleased with you.
You visited 1 branch of the dungeon, and saw 4 of its levels.

You collected 197 gold pieces.

Inventory:

Hand Weapons
 f - a +1 whip
   (You took it off a kobold on level 1 of the Dungeon)
 l - a +0 long sword
   (You found it on level 3 of the Dungeon)
 n - a +0 dagger of distortion
   (You found it on level 3 of the Dungeon)
 p - a +0 flail (weapon)
   (You took it off an orc on level 3 of the Dungeon)
Missiles
 v - 2 poisoned darts
Armour
 c - a +0 helmet (worn)
   (You found it on level 1 of the Dungeon)
 e - a +2 buckler (worn)
 i - a +0 pair of boots (worn)
   (You found it on level 1 of the Dungeon)
 j - a +0 ring mail (worn)
   (You found it on level 1 of the Dungeon)
 m - a +0 pair of gloves (worn)
   (You found it on level 3 of the Dungeon)
 q - a +0 scale mail
   (You found it on level 2 of the Dungeon)
 u - a +0 plate armour
   (You found it on level 4 of the Dungeon)
Jewellery
 a - a +6 ring of intelligence (left hand)
   (You found it on level 2 of the Dungeon)
 s - a +6 ring of strength (right hand)
   (You found it on level 4 of the Dungeon)
Wands
 b - a wand of polymorph (13)
Scrolls
 g - a scroll of immolation
 h - 3 scrolls of enchant weapon
 k - 2 scrolls of vulnerability
 o - 2 scrolls of amnesia
 r - 2 scrolls of identify
 t - 3 scrolls of teleportation


   Skills:
 - Level 4.0 Fighting
 + Level 2.3 Maces & Flails
 - Level 3.0 Armour
 - Level 1.5 Stealth
 - Level 2.4 Shields
 - Level 2.6 Spellcasting
 - Level 1.0 Hexes
 - Level 1.5 Evocations


You had 9 spell levels left.
You knew the following spells:

 Your Spells              Type           Power      Damage    Failure   Level
a - Slow                  Hex            32%        N/A       11%         1

Your spell library contained the following spells:

 Spells                   Type           Power      Damage    Failure   Level
 Cigotuvi's Dreadful Rot  Necr/Pois/Air  10%        N/A       24%         2
 Dazzling Flash           Conj/Hex       12%        N/A       36%         3
 Ignite Poison            Fire/Tmut/Pois 3%         N/A       43%         3
 Freezing Cloud           Conj/Ice/Air   1%         6-21      99%         5


Dungeon Overview and Level Annotations

Branches:
Dungeon (4/15) Zot: 30189
 Temple: D:4-7

Altars:
Ashenzari
Cheibriados
Gozag
Vehumet


Innate Abilities, Weirdness & Mutations

You are immune to poison.
Your flesh is cold resistant. (rC+)
You are immune to negative energy. (rN+++)
You are immune to unholy pain and torment.
You are vulnerable to heat. (rF-)
You are in touch with the powers of death.
You do not drink.
You have a special connection with the divine. (Faith)


Message History

You continue taking off your +0 plate armour. x4
You finish taking off your +0 plate armour.
You start putting on your armour.
You continue putting on your +0 ring mail. x5
You finish putting on your +0 ring mail.
Unknown command.
Found a stone staircase leading down.
Found 3 stones.
Unknown command.
An endoplasm comes into view.
The endoplasm moves out of view.
The endoplasm quivers.
The endoplasm closely misses you.
You sock the endoplasm!
You kill the endoplasm!
Cheibriados appreciates the change of pace.
No target in view!
No target in view!
A black bear comes into view.
Casting: Slow (safe; 11% risk of failure)
Confirm with . or Enter, or press ? or * to list all spells.
Aiming: Slow (safe; 11% risk of failure)
Press: ? - help, Shift-Dir - straight line, f - black bear
Aim: a black bear (wandering, hasn't noticed you, chance to affect: 41%)
The black bear resists with some effort.
Casting: Slow (safe; 11% risk of failure)
Confirm with . or Enter, or press ? or * to list all spells.
Aiming: Slow (safe; 11% risk of failure)
Press: ? - help, Shift-Dir - straight line, f/p - black bear
Aim: a black bear (chance to affect: 41%)
The black bear seems to slow down.
The black bear bites you but does no damage.
You block the black bear's attack.
The black bear claws you but does no damage.
You barely miss the black bear. You block the black bear's attack.
The black bear claws you but does no damage. x2
You sock the black bear!
The black bear is heavily wounded.
The black bear closely misses you. You block the black bear's attack.
The black bear claws you.
You thump the black bear!
The black bear is almost dead.
You hit the black bear but do no damage.
The black bear is almost dead.
The black bear bites you but does no damage.
You block the black bear's attack. x2
You hit the black bear but do no damage.
The black bear is almost dead.
The black bear shakes off its lethargy.
The black bear goes berserk!
You barely miss the black bear.
The black bear is almost dead.
The black bear bites you! The black bear barely misses you.
The black bear claws you but does no damage.
The black bear bites you.
The black bear claws you but does no damage.
The black bear claws you.
You closely miss the black bear.
The black bear is almost dead.
The black bear bites you!
The black bear claws you but does no damage.
You block the black bear's attack.
The black bear bites you but does no damage.
The black bear claws you but does no damage.
You block the black bear's attack.
You are too injured to fight recklessly!
You hit the black bear but do no damage.
The black bear is almost dead.
The black bear barely misses you. The black bear claws you.
You block the black bear's attack. The black bear bites you!
* * * LOW HITPOINT WARNING * * *
You block the black bear's attack.
The black bear claws you but does no damage.
Okay, then.
Okay, then.
Unknown command.
Okay, then.
Okay, then.
Okay, then.
Okay, then.
Okay, then.
Unknown command.
Aiming: Polymorph
Press: ? - help, Shift-Dir - straight line, f/p - black bear
Aim: a black bear (almost dead, berserk, will become a shapeshifter, a rat, or a golden eye, chance to affect: 52%)
Okay, then.
Unknown command.
You barely miss the black bear.
The black bear is almost dead.
The black bear bites you but does no damage.
The black bear barely misses you. The black bear claws you.
* * * LOW HITPOINT WARNING * * *
The black bear barely misses you. The black bear closely misses you.
The black bear claws you but does no damage.
Unknown command.
You barely miss the black bear.
The black bear is almost dead.
You block the black bear's attack. The black bear claws you.
* * * LOW HITPOINT WARNING * * *
You block the black bear's attack. The black bear bites you!
You die...

#....>......# #.......##
#..(........# ######.###
##.##.#...### #.........
#. #...### #.###..... #.
###.#######.###.#.##
#.#.............##
#.#.#..##.##..#.## #.#
#...........##
#@#.#.####.#....##
#.h....# #.####.##
#......#..###.####...
#............#.....####.
#?.#....###.<......# #.
#. #....# ###..†..####.
####.##########(...#.
...........'....'.
#.##########....#.


You could see a black bear (berserk).

Vanquished Creatures
  A phantom (D:3)
  A scorpion (D:3)
  A hound (D:3)
  Jessica (D:3)
  Terence (D:3)
  6 adders
  A shadow imp (D:4)
  3 worms
  2 dart slugs
  9 orcs
  6 endoplasms
  4 giant cockroaches
  A goblin (D:3)
  6 hobgoblins
  3 kobolds
  2 quokkas (D:2)
  9 ball pythons
  A bat (D:2)
  A frilled lizard (D:2)
  3 rats
62 creatures vanquished.

Notes
Turn   | Place    | Note
-------+----------+-------------------------------------------
     0 | D:1      | Flugkiller the Mummy Wanderer began the quest for the Orb.
     0 | D:1      | Flugkiller set off with the following items: a +0 club, a
                  | wand of polymorph (5), a +0 leather armour, a +2 buckler, a
                  | scroll of blinking; and the following spell memorised:
                  | Slow; and the following spells available to memorise:
                  | Dazzling Flash.
     0 | D:1      | Reached XP level 1. HP: 13/13 MP: 4/4
   185 | D:1      | Reached skill level 1 in Fighting
   777 | D:1      | Found a faded altar of an unknown god.
   807 | D:1      | Reached XP level 2. HP: 21/22 MP: 5/5
   823 | D:1      | Prayed at the altar of an unknown god.
   823 | D:1      | Became a worshipper of Cheibriados the Contemplative
   823 | D:1      | Reached * piety under Cheibriados
  1129 | D:2      | Reached skill level 2 in Fighting
  1314 | D:2      | Reached XP level 3. HP: 28/28 MP: 5/7
  1350 | D:2      | Reached skill level 1 in Maces & Flails
  2089 | D:3      | Reached ** piety under Cheibriados
  2267 | D:3      | Reached skill level 3 in Fighting
  2548 | D:3      | Noticed Terence
  2575 | D:3      | Killed Terence
  2576 | D:3      | Reached XP level 4. HP: 21/35 MP: 6/8
  2858 | D:3      | Noticed Jessica
  2864 | D:3      | Killed Jessica
  2865 | D:3      | Reached skill level 4 in Fighting
  2928 | D:4      | Noticed a scorpion
  3009 | D:3      | Reached skill level 1 in Armour
  3033 | D:4      | Reached XP level 5. HP: 41/42 MP: 9/9
  3118 | D:4      | Noticed a phantom
  3502 | D:3      | Killed a phantom
  3728 | D:3      | Reached XP level 6. HP: 44/48 MP: 8/10
  3768 | D:4      | Reached *** piety under Cheibriados
  3958 | D:4      | Found a radiant altar of Vehumet.
  4019 | D:4      | Found an opulent altar of Gozag.
  4075 | D:4      | Found a broken altar of Ashenzari.
  4079 | D:4      | Saw a vision of the Shoals and the Spider Nest.
  4079 | D:4      | Noticed a merfolk
  4079 | D:4      | Noticed a merfolk siren
  4079 | D:4      | Noticed a merfolk siren
  4079 | D:4      | Noticed a wind drake
  4079 | D:4      | Noticed a torpor snail
  4079 | D:4      | Noticed a jumping spider
  4079 | D:4      | Noticed a boulder beetle
  4079 | D:4      | Noticed a pharaoh ant
  4079 | D:4      | Noticed a moth of wrath
  4079 | D:4      | Noticed a tarantella
  4079 | D:4      | Noticed a boulder beetle
  4079 | D:4      | Noticed a tarantella
  4079 | D:4      | Noticed a steelbarb worm
  4079 | D:4      | Noticed a jumping spider
  4081 | D:4      | Noticed a steelbarb worm
  4081 | D:4      | Noticed a sea snake
  4233 | D:4      | Mangled by a black bear

Illustrated notes

Levels and vault maps discovered:
D:1:      nicolae_arrival_somewhat_less_tricky_arrival, layout_loops_cross,
          hellmonk_ecumenical_altar_arch_garden
D:2:      layout_loops_cross, kennysheep_generic_room_16
D:3:      layout_basic, mainiacjoe_overflow_boulevard, uniq_jessica,
          uniq_terence
D:4:      layout_basic, mainiacjoe_overflow_six_doors_small, lemuel_round_altar,
          grunt_ashenzari_visionary [grunt_ashenzari_visionary_shoals,
          grunt_ashenzari_visionary_spider], grunt_ministairs_13, minivault_25

Skill      XL: |  1  2  3  4  5 |
---------------+----------------+-----
Fighting       | 1 2 3 4 |  4.0
Maces & Flails | 1 2 |  2.3
Armour         | 1 3 |  3.0
Stealth        | |  1.5
Shields        | |  2.4
Spellcasting   | |  2.6
Hexes          | |  1.0
Evocations     | |  1.5

Action                     |  1- 3 |  4- 6 || total
---------------------------+-------+-------++-------
  Melee: Whip              |   140 |    69 ||   209
         Club              |    19 |       ||    19
         Flail             |       |    85 ||    85
   Cast: Slow              |    44 |    31 ||    75
  Evoke: Wand              |       |     1 ||     1
    Use: Scroll            |     4 |     2 ||     6
   Stab: Sleeping          |       |     1 ||     1
 Armour: Leather armour    |    25 |       ||    25
         Ring mail         |    45 |   132 ||   177
  Dodge: Dodged            |    53 |    77 ||   130
  Block: Buckler           |    52 |    56 ||   108

Table legend: (Time is in decaauts)
 A = Elapsed time spent in this place.
 B = Non-inter-level travel time spent in this place.
 C = Inter-level travel time spent in this place.
 D = Time resting spent in this place.
 E = Time spent auto-exploring this place.
 F = Levels seen in this place.
 G = Mean time per level.
                   A        B        C        D        E       F      G
               +--------+--------+--------+--------+--------+-----+--------+
         Total |   5388 |   4955 |    433 |    712 |   2506 |   4 | 1347.0 |
       Dungeon |   5388 |   4955 |    433 |    712 |   2506 |   4 | 1347.0 |
               +--------+--------+--------+--------+--------+-----+--------+

Top non-repeatable levels by time:
     D:3: 2044 daAuts
     D:2: 1286 daAuts
     D:1: 1108 daAuts
     D:4: 949 daAuts
